 Dungeon Crawl Stone Soup version 0.31-a0-256-g80acddb972 (webtiles) character file.

Game seed: 12787825299328756873

165 Pelmen the Magician (level 5, 0/30 HPs)
             Began as a Gargoyle Fire Elementalist on July 13, 2023.
             Splashed by a jelly's acid (10 damage)
             ... in a sewer.
             The game lasted 00:06:55 (3984 turns).

Pelmen the Magician (Gargoyle Fire Elementalist)    Turns: 3984, Time: 00:06:56

Health: 0/30       AC: 10    Str: 12    XL:     5   Next: 46%
Magic:  6/10       EV:  9    Int: 17    God:
Gold:   47         SH:  5    Dex: 10    Spells: 8/10 levels left

rFire   . . .        j - +3 short sword (freeze)
rCold   . . .        (no shield)
rNeg    + . .        h - +0 scale mail
rPois   ∞            (no helmet)
rElec   +            (no cloak)
rCorr   .            (no gloves)
SInv    .            (no boots)
Will    .....        f - amulet of reflection
Stlth   +            l - +4 ring of slaying
HPRegen 0.25/turn    (no ring)
MPRegen 0.12/turn

%: reflection
@: very slightly contaminated
A: sickness immunity, AC +4, negative energy resistance 1, electricity
resistance, torment resistance 1, petrification resistance
a: no special abilities


You were in a sewer.
You visited 1 branch of the dungeon, and saw 3 of its levels.
You also visited: Sewer.

You collected 47 gold pieces.

Inventory:

Hand Weapons
 j - a +3 short sword of freezing (weapon)
Armour
 h - a +0 scale mail (worn)
Jewellery
 f - an amulet of reflection (around neck)
 l - a +4 ring of slaying (left hand)
Scrolls
 a - a scroll of fear
 g - a scroll of enchant weapon
 k - a scroll of poison
 p - a scroll of identify {unknown}
Potions
 b - a potion of magic
 c - a potion of brilliance {unknown}
 d - a potion of mutation {unknown}
 e - a potion of lignification {unknown}
 i - 2 potions of might {unknown}


   Skills:
 + Level 2.0 Fighting
 * Level 2.4 Armour
 - Level 2.0 Dodging
 - Level 3.0 Stealth
 * Level 3.4 Spellcasting
 - Level 1.1 Conjurations
 - Level 3.0 Fire Magic


You had 8 spell levels left.
You knew the following spells:

 Your Spells              Type           Power      Damage    Failure   Level
a - Foxfire               Conj/Fire      40%        2x1d6     34%         1
b - Magic Dart            Conj           24%        1d4       45%         1

Your spell library contained the following spells:

 Spells                   Type           Power      Damage    Failure   Level
 Scorch                   Fire           26%        2d6       36%         2
 Call Imp                 Summ           4%         N/A       77%         2
 Inner Flame              Hex/Fire       8%         N/A       80%         3
 Volatile Blastmotes      Fire/Tloc      16%        2d11      80%         3
 Mephitic Cloud           Conj/Pois/Air  4%         N/A       91%         3
 Flame Wave               Conj/Fire      10%        2d6       98%         4


Dungeon Overview and Level Annotations

Branches:
Dungeon (3/15)              Sewer (1/1)

Altars:


Innate Abilities, Weirdness & Mutations

You are immune to sickness and miasma.
Your stone body is resilient. (AC +4)
You are immune to poison.
You resist negative energy. (rN+)
You are resistant to electric shocks. (rElec)
You are resistant to unholy torment.
You are immune to petrification.


Message History

Nothing appears to happen.
You block the ball python's attack. The ball python grabs you.
The ball python constricts you.
You conjure some foxfire!
The ball python bites you but does no damage.
The ball python constricts you.
You puncture the ball python!
The ball python seems to slow down.
You freeze the ball python.
You kill the ball python!
The foxfire hits the jelly.
The jelly is moderately wounded.
You conjure some foxfire!
The jelly hits you.
You are splashed with acid!
Unknown command.
You hit the jelly but do no damage.
Your hands burn!
The jelly is moderately wounded.
Your foxfire dissipates!
The foxfire hits the jelly.
The jelly is heavily wounded.
The jelly barely misses you.
Unknown command.
You are too injured to fight recklessly!
You are too injured to fight recklessly!
Unknown command.
You are too injured to fight recklessly!
Unknown command.
Casting: Foxfire (safe; 34% risk of failure)
Press: ? - help, Q - select action, (/) - cycle Dir - look around, f - activate You conjure some foxfire!
You block the jelly's attack.
Unknown command.
You are too injured to fight recklessly!
You are too injured to fight recklessly!
Unknown command.
You hit the jelly. You freeze the jelly.
Your hands burn!
The jelly is heavily wounded.
The foxfire hits the jelly.
The jelly is severely wounded.
The foxfire hits the jelly.
The jelly is almost dead.
The jelly hits you.
You are splashed with acid!
You die...

#..~ #.~..
##### ~..#
##§§~## #..###
#~~@§.##...#.~
#~~J#v~.#.~..~~
#...##.~~.†~~.#
##.~ ##.~~.~~~.
##. #....##~.
.. ##..†~.##
!~##..~~~~.#
###...~##~..~
##..~.~## #.~.


You could see a jelly (ally target).

Vanquished Creatures
  5 adders
  2 river rats (Sewer)
  3 worms
  4 dart slugs
  5 bats
  14 endoplasms
  A giant cockroach (Sewer)
  4 goblins
  8 hobgoblins
  6 kobolds
  3 quokkas (D:1)
  10 ball pythons
  9 frilled lizards
  11 rats
85 creatures vanquished.

Vanquished Creatures (others)
  187 foxfires
187 creatures vanquished.

Grand Total: 272 creatures vanquished

Notes
Turn   | Place    | Note
-------+----------+-------------------------------------------
     0 | D:1      | Pelmen the Gargoyle Fire Elementalist began the quest for
                  | the Orb.
     0 | D:1      | Reached XP level 1. HP: 10/10 MP: 3/3
   122 | D:1      | Learned a level 1 spell: Magic Dart
   298 | D:1      | Reached XP level 2. HP: 8/15 MP: 3/5
   831 | D:1      | Reached XP level 3. HP: 20/20 MP: 3/6
  1278 | D:1      | Reached skill level 1 in Fighting
  2267 | D:2      | Reached skill level 1 in Armour
  2337 | D:2      | Reached XP level 4. HP: 25/25 MP: 0/8
  3334 | D:3      | Found a glowing drain.
  3345 | Sewer    | Entered a sewer
  3357 | Sewer    | Reached XP level 5. HP: 30/30 MP: 2/9
  3984 | Sewer    | Splashed by a jelly's acid

Illustrated notes

Levels and vault maps discovered:
D:1:      dpeg_arrival_ratfight, layout_basic
D:2:      layout_basic, nicolae_twisty_statue_hallways
D:3:      layout_loops_ring, portal_sewer_entry_d
Sewer:    sewer_hellmonk_slimy_pipes

Skill      XL: |  1  2  3  4  5 |
---------------+----------------+-----
Dodging        | 2 |  2.0
Stealth        | 3 |  3.0
Fighting       | 1 2 |  2.0
Armour         | 1 2 |  2.4
Spellcasting   | 3 |  3.4
Conjurations   | |  1.1
Fire Magic     | |  3.0

Action                     |  1- 3 |  4- 6 || total
---------------------------+-------+-------++-------
  Melee: Unarmed           |    41 |       ||    41
         Short sword       |     7 |    35 ||    42
         Dagger            |     5 |       ||     5
         Punch             |       |     1 ||     1
   Cast: Foxfire           |    49 |    58 ||   107
         Magic Dart        |    23 |       ||    23
    Use: Scroll            |       |     8 ||     8
   Stab: Sleeping          |     1 |       ||     1
 Armour: Robe              |    17 |       ||    17
         Scale mail        |     5 |    15 ||    20
  Dodge: Dodged            |    45 |    17 ||    62
  Block: Other             |     2 |    11 ||    13

Table legend: (Time is in decaauts)
 A = Elapsed time spent in this place.
 B = Non-inter-level travel time spent in this place.
 C = Inter-level travel time spent in this place.
 D = Time resting spent in this place.
 E = Time spent auto-exploring this place.
 F = Levels seen in this place.
 G = Mean time per level.
                   A        B        C        D        E       F      G
               +--------+--------+--------+--------+--------+-----+--------+
         Total |   3992 |   3852 |    140 |      2 |   3276 |   4 |  998.0 |
       Dungeon |   3347 |   3207 |    140 |      2 |   2723 |   3 | 1115.7 |
         Sewer |    645 |    645 |      0 |      0 |    553 |   1 |  645.0 |
               +--------+--------+--------+--------+--------+-----+--------+

Top non-repeatable levels by time:
     D:2: 1566 daAuts
     D:1: 1487 daAuts
   Sewer: 645 daAuts
     D:3: 293 daAuts
